 Dungeon Crawl Stone Soup version 0.20-a0-672-gd6c3c51 (webtiles) character file.

126 Chiseanne the Ducker (level 4, -2/24 HPs)
             Began as a Spriggan Gladiator on Feb 17, 2017.
             Slain by a gnoll
             ... wielding a +0 whip
              (5 damage)
             ... on level 3 of the Dungeon.
             The game lasted 00:05:03 (2505 turns).

Chiseanne the Ducker (Spriggan Gladiator)           Turns: 2505, Time: 00:05:03

Health: -2/24      AC:  2    Str: 10    XL:     4   Next: 84%
Magic:  5/5        EV: 22    Int:  9    God:
Gold:   164        SH:  0    Dex: 18    Spells: 3/3 levels left

rFire    . . .     SeeInvis +   a - +0 long sword
rCold    . . .     Gourm    .   b - +0 robe
rNeg     . . .     Faith    .   (shield restricted)
rPois    .         Spirit   .   c - +0 hat
rElec    .         Reflect  .   (no cloak)
rCorr    .         Harm     .   (gloves unavailable)
MR       .....                  (boots unavailable)
Stlth    ++........             (no amulet)
Regen    0.1/turn               (no ring)
MPRegen  0.1/turn               (no ring)

@: very quick
A: unfitting armour, see invisible, herbivore 3, speed 3, slow metabolism 2
a: no special abilities


You were on level 3 of the Dungeon.
You were not hungry.

You visited 1 branch of the dungeon, and saw 3 of its levels.

You collected 164 gold pieces.

Inventory:

Hand Weapons
 a - a +0 long sword (weapon)
Missiles
 d - 3 throwing nets
 j - 11 stones (quivered)
 u - 29 sling bullets
Armour
 b - a +0 robe (worn)
 c - a +0 hat (worn)
Jewellery
 t - a +6 amulet of reflection {unknown}
Scrolls
 g - a scroll of amnesia {unknown}
 h - a scroll of blinking {unknown}
 k - a scroll of identify {unknown}
 m - a scroll of enchant armour {unknown}
 n - a scroll of noise {unknown}
 q - a scroll of random uselessness {unknown}
 r - a scroll of teleportation {unknown}
 s - a scroll of remove curse {unknown}
Potions
 e - 2 potions of lignification
 i - a potion of curing
 o - a potion of resistance
 p - a potion of degeneration {unknown}
Comestibles
 f - 4 bread rations
 l - 7 fruits


   Skills:
 * Level 3.2 Fighting
 - Level 2.4 Long Blades
 - Level 2.0 Throwing
 * Level 6.4 Dodging


You had 3 spell levels left.
You didn't know any spells.

Dungeon Overview and Level Annotations

Branches:
Dungeon (3/15)

Altars:
Ashenzari
Elyvilon

Annotations:
D:3 Grinder


Innate Abilities, Weirdness & Mutations

You are very small and have problems with some larger weapons.
You are too small for most types of armour.
You have supernaturally acute eyesight. (SInv)
You are a herbivore.
You cover ground extremely quickly.
You need consume almost no food.


Message History

u - 29 sling bullets The gnoll hits you with a whip.
The giant cockroach misses you.
The giant cockroach bites you but does no damage.
The giant cockroach misses you.
You riposte.
You closely miss the giant cockroach.
The giant cockroach completely misses you.
You hit the giant cockroach but do no damage.
The giant cockroach barely misses you.
You riposte.
You hit the giant cockroach.
The giant cockroach is severely wounded.
The giant cockroach completely misses you.
You riposte.
You closely miss the giant cockroach.
The giant cockroach is severely wounded.
You hit the giant cockroach.
You kill the giant cockroach!
The gnoll hits you with a whip!
Ouch! That really hurt!
* * * LOW HITPOINT WARNING * * *
You completely miss the gnoll. The gnoll hits you with a whip.
You die...

. .. o# ###. . #. ..#._.
#. ##... #. ###.## #
#############.###....#.#
#.....g@............##.#
#..(..########......#...
#....g.............##...
#.....########.....#....
####...# #.....#....
###... #.#..†..... ###.#
#.......... #
###..†..... #...)....


You could see a gnoll.

Vanquished Creatures
  Ijyb (D:2)
  A hound zombie (D:3)
  A gnoll (D:1)
  2 adders
  A worm (D:2)
  3 dart slugs
  2 leopard geckos
  An orc (D:3)
  A ball python (D:1)
  6 bats
  3 giant cockroaches
  5 goblins
  3 hobgoblins
  4 jackals (D:3)
  5 frilled lizards
  3 kobolds
  3 rats
45 creatures vanquished.

Notes
Turn   | Place    | Note
-------+----------+-------------------------------------------
     0 | D:1      | Chiseanne the Spriggan Gladiator began the quest for the Orb.
     0 | D:1      | Reached XP level 1. HP: 10/10 MP: 2/2
    15 | D:1      | Reached XP level 2. HP: 5/15 MP: 3/3
   289 | D:1      | Reached skill level 5 in Dodging
   841 | D:1      | Reached XP level 3. HP: 17/19 MP: 4/4
  1235 | D:3      | Found a faded altar of an unknown god.
  1251 | D:3      | Found a white marble altar of Elyvilon.
  1465 | D:3      | Found a shattered altar of Ashenzari.
  1729 | D:3      | Noticed Grinder
  1733 | D:3      | Paralysed by Grinder for 5 turns
  1748 | D:3      | Paralysed by Grinder for 6 turns
  1760 | D:3      | Paralysed by Grinder for 3 turns
  1975 | D:2      | Reached XP level 4. HP: 15/23 MP: 5/5
  2027 | D:2      | Noticed Ijyb
  2380 | D:2      | Killed Ijyb
  2380 | D:2      | Reached skill level 6 in Dodging
  2505 | D:3      | Slain by a gnoll

Vault maps used:
D:1:      dpeg_arrival_tiny_g
D:2:      first_bread, uniq_iyjb
D:3:      elyvilon_altar_1, chequers_ecumenical_altar_simple,
          nicolae_ashenzari_panopticon, uniq_grinder

Skill      XL: |  1  2  3  4 |
---------------+-------------+-----
Fighting       | 2 3 |  3.2
Dodging        | 5 6 |  6.4
Long Blades    | |  2.4
Throwing       | |  2.0

Action                   |  1- 3 |  4- 6 || total
-------------------------+-------+-------++-------
Melee: Long sword        |   107 |    25 ||   132
Throw: Stone             |     1 |       ||     1
  Use: Potion            |     3 |       ||     3
 Stab: Sleeping          |     2 |       ||     2
Armor: Robe              |     4 |     3 ||     7
       Skin              |    14 |       ||    14
Dodge: Dodged            |   109 |    47 ||   156
       Rpst.: Long sword |    28 |    17 ||    45
